 Dungeon Crawl Stone Soup version 0.29-a0-384-g6960b1960d (webtiles) character file.

Game seed: 15899084763230636620

178 spaghetti the Archer (level 5, 38/38 HPs)
             Began as a Gnoll Hunter on May 8, 2022.
             Quit the game on level 4 of the Dungeon.
             The game lasted 00:04:23 (2662 turns).

spaghetti the Archer (Gnoll Hunter)                 Turns: 2662, Time: 00:04:23

Health: 38/38      AC:  3    Str: 12    XL:     5   Next: 58%
Magic:  7/7        EV: 14    Int:  9    God:
Gold:   211        SH:  0    Dex: 17    Spells: 7/7 levels left

rFire   + . .      SeeInvis .   a - +1 shortbow {bow}
rCold   . . .      Faith    .   (shield currently unavailable)
rNeg    . . .      Spirit   .   b - +0 leather armour
rPois   .          Reflect  .   (no helmet)
rElec   .          Harm     .   q - scarf {shadows}
rCorr   .          Rampage  .   (no gloves)
Will    .....                   (no boots)
Stlth   ++........              (no amulet)
HPRegen 0.12/turn               i - ring of protection from fire
MPRegen 0.10/turn               (no ring)

@: no status effects
A: fangs 1, strong nose, distributed training, frail 1, screaming 1, strong 1
a: no special abilities


You were on level 4 of the Dungeon.
You visited 1 branch of the dungeon, and saw 4 of its levels.

You collected 211 gold pieces.


Innate Abilities, Weirdness & Mutations

You have very sharp teeth.
Your uncanny sense of smell can sniff out nearby items.
Your experience applies equally to all skills.
You are frail. (-10% HP)
You occasionally shout uncontrollably at your foes.
Your muscles are strong. (Str +2)


   Skills:
 + Level 4.8 Fighting
 + Level 1.5 Short Blades
 + Level 1.5 Long Blades
 + Level 1.5 Axes
 + Level 1.5 Maces & Flails
 + Level 1.5 Polearms
 + Level 1.5 Staves
 + Level 1.5 Slings
 + Level 8.6 Bows
 + Level 1.5 Crossbows
 + Level 1.5 Throwing
 + Level 1.5 Armour
 + Level 4.8 Dodging
 + Level 2.8 Stealth
 + Level 1.5 Shields
 + Level 1.5 Unarmed Combat
 + Level 1.5 Spellcasting
 + Level 1.2 Conjurations
 + Level 1.2 Hexes
 + Level 1.2 Summonings
 + Level 1.2 Necromancy
 + Level 1.2 Translocations
 + Level 1.2 Transmutations
 + Level 1.2 Fire Magic
 + Level 1.2 Ice Magic
 + Level 1.2 Air Magic
 + Level 1.2 Earth Magic
 + Level 1.2 Poison Magic
 + Level 1.7 Invocations
 + Level 1.5 Evocations


You had 7 spell levels left.
You didn't know any spells.
Your spell library contained the following spells:

 Spells                   Type           Power      Damage    Failure   Level
 Magic Dart               Conj           8%         1d3       26%         1
 Call Imp                 Summ           2%         N/A       38%         2
 Sublimation of Blood     Necr           2%         N/A       38%         2
 Mephitic Cloud           Conj/Pois/Air  2%         N/A       63%         3
 Petrify                  Tmut/Erth      2%         N/A       95%         4
 Irradiate                Conj/Tmut      1%         3d13      100%        5

Inventory:

Hand Weapons
 a - a +1 shortbow (weapon) {bow}
Missiles
 d - 53 stones {throwing}
Armour
 b - a +0 leather armour (worn)
 q - a scarf of shadows (worn)
   (You found it on level 3 of the Dungeon)
Magical Staves
 k - a staff of fire {!astaff}
   (You found it on level 2 of the Dungeon)
Jewellery
 h - a ring of positive energy
   (You found it on level 4 of the Dungeon)
 i - a ring of protection from fire (left hand)
   (You found it on level 2 of the Dungeon)
Wands
 g - a wand of flame (7)
   (You found it on level 4 of the Dungeon)
Scrolls
 c - 3 scrolls of immolation {!r!r}
 e - 3 scrolls of noise {unknown}
 f - 3 scrolls of identify {unknown}
 l - 2 scrolls of fog {unknown}
 n - a scroll of fear {unknown}
 o - a scroll of magic mapping {unknown}
 p - a scroll of teleportation {unknown}
Potions
 m - 2 potions of heal wounds {unknown}
 r - a potion of invisibility {unknown}
 s - a potion of attraction {unknown}

Dungeon Overview and Level Annotations

Branches:
Dungeon (4/15)             Temple (0/1) D:4

Altars:
Wu Jian

Portals:
Sewer: D:4

Annotations:
D:2 1 runed translucent door, Crazy Yiuf

...........##..####
...........##.##
......#.#.####
.##>....##..#
#......#...# #
#..........# .#
.#######.##..##
#≈≈≈≈B#......# ....
#≈≈∩≈B+@...### ....
#≈≈≈≈B#.....# ....
######.....# ....
...g.......$. ....
##.g......... ....
#g##.g....##. .# .#
#....#.# #.# #


You could see 4 gnolls and 2 giant cockroaches.


Message History

No target in view!
No target in view!
No target in view!
No target in view!
No target in view!
No target in view!
No target in view!
No target in view!
No target in view!
No target in view!
No target in view!
You see here a +0 mace {mace}.
An endoplasm comes into view.
An endoplasm is nearby!
An endoplasm is nearby!
An endoplasm is nearby!
An endoplasm is nearby!
You shoot an arrow. The arrow hits the endoplasm.
You shoot an arrow. The arrow hits the endoplasm.
You shoot an arrow. The arrow hits the endoplasm.
You kill the endoplasm!
No target in view!
No target in view!
No target in view!
No target in view!
No target in view!
No target in view!
No target in view!
No target in view!
No target in view!
No target in view!
No target in view!
No target in view!
No target in view!
No target in view!
No target in view!
No target in view!
No target in view!
No target in view!
No target in view!
No target in view!
No target in view!
No target in view!
No target in view!
No target in view!
No target in view!
No target in view!
No target in view!
No target in view!
No target in view!
No target in view!
No target in view!
No target in view!
No target in view!
No target in view!
No target in view!
No target in view!
No target in view!
No target in view!
No target in view!
No target in view!
No target in view!
No target in view!
No target in view!
No target in view!
No target in view!
No target in view!
No target in view!
No target in view!
No target in view!
No target in view!
No target in view!
No target in view!
No target in view!
No target in view!
No target in view!
No target in view!
No target in view!
No target in view!
No target in view!
No target in view!
No target in view!
No target in view!
No target in view!
You now have 211 gold pieces (gained 11).
h - a ring of positive energy You hear the brisk rusting of a very distant drain.
You hear the quick rusting of a distant drain.
You see here a worm corpse.
Found a stone staircase leading down.
Found a staircase to the Ecumenical Temple.
Found a glowing drain.
No target in range!
A gnoll comes into view. It is wielding a +0 whip.
A gnoll is nearby!
A gnoll is nearby!
A gnoll comes into view.
It is wielding a +0 spear. 2 gnolls come into view.
The gnoll shouts! x4; You hear a shout!
Are you sure you want to abandon this character and quit the game? (Confirm with "yes".)

Skill      XL: |  1  2  3  4 |
---------------+-------------+-----
Invocations    | 1 |  1.7
Short Blades   | 1 |  1.5
Long Blades    | 1 |  1.5
Axes           | 1 |  1.5
Maces & Flails | 1 |  1.5
Polearms       | 1 |  1.5
Staves         | 1 |  1.5
Slings         | 1 |  1.5
Crossbows      | 1 |  1.5
Throwing       | 1 |  1.5
Armour         | 1 |  1.5
Shields        | 1 |  1.5
Unarmed Combat | 1 |  1.5
Spellcasting   | 1 |  1.5
Evocations     | 1 |  1.5
Conjurations   | 1 |  1.2
Hexes          | 1 |  1.2
Summonings     | 1 |  1.2
Necromancy     | 1 |  1.2
Translocations | 1 |  1.2
Transmutations | 1 |  1.2
Fire Magic     | 1 |  1.2
Ice Magic      | 1 |  1.2
Air Magic      | 1 |  1.2
Earth Magic    | 1 |  1.2
Poison Magic   | 1 |  1.2
Fighting       | |  4.8
Bows           | |  8.6
Dodging        | |  4.8
Stealth        | |  2.8

Action                   |  1- 3 |  4- 6 || total
-------------------------+-------+-------++-------
 Fire: Shortbow          |    77 |    63 ||   140
  Use: Potion            |       |     3 ||     3
Armor: Leather armour    |     3 |     4 ||     7
Dodge: Dodged            |    21 |    29 ||    50

Levels and vault maps discovered:
D:1:      sevenhm_arrival_forest_fort_small_6, layout_basic,
          basic_ecumenical_altar, nrook_loot_triangle
D:2:      layout_loops_ring, uniq_crazy_yiuf_cottage
D:3:      layout_rooms, nicolae_wu_jian_wuxing_cycle
D:4:      layout_layer_cave, okawaru_trees_2, gammafunk_temple_overflow_wave,
          minmay_temple_entry_mini_moons, gup_sewer_entry_glass

Notes
Turn   | Place    | Note
-------+----------+-------------------------------------------
     0 | D:1      | spaghetti the Gnoll Hunter began the quest for the Orb.
     0 | D:1      | Reached XP level 1. HP: 20/20 MP: 1/1
     0 | D:1      | magus.rc [v1.9.6]
   128 | D:1      | Found a faded altar of an unknown god.
   357 | D:1      | Reached XP level 2. HP: 26/26 MP: 2/2
   954 | D:2      | Reached XP level 3. HP: 29/31 MP: 3/3
  1135 | D:2      | You pick up a book of Alchemy and begin reading...
  1135 | D:2      | You add the spells Sublimation of Blood, Petrify and
                  | Irradiate to your library.
  1154 | D:2      | Found a runed translucent door.
  1155 | D:2      | Noticed Crazy Yiuf
  1259 | D:2      | Reached skill level 1 in Invocations
  1593 | D:3      | Reached skill level 1 in Short Blades
  1593 | D:3      | Reached skill level 1 in Long Blades
  1593 | D:3      | Reached skill level 1 in Axes
  1593 | D:3      | Reached skill level 1 in Maces & Flails
  1593 | D:3      | Reached skill level 1 in Polearms
  1593 | D:3      | Reached skill level 1 in Staves
  1593 | D:3      | Reached skill level 1 in Slings
  1593 | D:3      | Reached skill level 1 in Crossbows
  1593 | D:3      | Reached skill level 1 in Throwing
  1593 | D:3      | Reached skill level 1 in Armour
  1593 | D:3      | Reached skill level 1 in Shields
  1593 | D:3      | Reached skill level 1 in Unarmed Combat
  1593 | D:3      | Reached skill level 1 in Spellcasting
  1593 | D:3      | Reached skill level 1 in Evocations
  1720 | D:3      | Reached XP level 4. HP: 38/38 MP: 5/5
  1761 | D:3      | Gained mutation: Your muscles are strong. (Str +2) [potion
                  | of mutation]
  1761 | D:3      | Gained mutation: You occasionally shout uncontrollably at
                  | your foes. [potion of mutation]
  1761 | D:3      | Gained mutation: You are frail. (-10% HP) [potion of
                  | mutation]
  1895 | D:3      | Reached skill level 1 in Conjurations
  1895 | D:3      | Reached skill level 1 in Hexes
  1895 | D:3      | Reached skill level 1 in Summonings
  1895 | D:3      | Reached skill level 1 in Necromancy
  1895 | D:3      | Reached skill level 1 in Translocations
  1895 | D:3      | Reached skill level 1 in Transmutations
  1895 | D:3      | Reached skill level 1 in Fire Magic
  1895 | D:3      | Reached skill level 1 in Ice Magic
  1895 | D:3      | Reached skill level 1 in Air Magic
  1895 | D:3      | Reached skill level 1 in Earth Magic
  1895 | D:3      | Reached skill level 1 in Poison Magic
  1956 | D:3      | Found an ornate altar of the Wu Jian Council.
  1988 | D:3      | You pick up a book of Minor Magic and begin reading...
  1988 | D:3      | You add the spells Magic Dart, Call Imp and Mephitic Cloud
                  | to your library.
  2253 | D:3      | Reached XP level 5. HP: 33/38 MP: 5/7
  2650 | D:4      | Found a staircase to the Ecumenical Temple.
  2656 | D:4      | Found a glowing drain.
  2662 | D:4      | Quit the game

Vanquished Creatures
  2 hounds
  3 gnolls (D:3)
  2 adders
  3 worms
  3 dart slugs
  3 orcs (D:4)
  3 bats
  6 endoplasms
  6 giant cockroaches
  2 goblins
  A hobgoblin (D:1)
  4 jackals (D:2)
  A quokka (D:1)
  6 ball pythons
  2 frilled lizards
  6 kobolds
  4 rats
57 creatures vanquished.

Table legend:
 A = Non-vault XP
 B = Vault XP
 C = Vault XP percentage of total XP
 D = Non-vault monster count
 E = Vault monster count
 F = Vault count percentage of total count
                 A         B        C        D         E       F
            +---------+---------+-------+---------+---------+-------
      Total |     255 |       0 |   0.0 |      57 |       0 |   0.0
            +---------+---------+-------+---------+---------+-------
        D:1 |      23 |       0 |   0.0 |      15 |       0 |   0.0
        D:2 |      46 |       0 |   0.0 |      18 |       0 |   0.0
        D:3 |     124 |       0 |   0.0 |      16 |       0 |   0.0
        D:4 |      62 |       0 |   0.0 |       8 |       0 |   0.0
            +---------+---------+-------+---------+---------+-------

Illustrated notes

Table legend:
 A = Kills in this place as a percentage of kills in entire the game.
 B = Kills by you in this place as a percentage of kills by you in the entire game.
 C = Kills by friends in this place as a percentage of kills by friends in the entire game.
 D = Other kills in this place as a percentage of other kills in the entire game.
 E = Experience gained in this place as a percentage of experience gained in the entire game.
 F = Experience gained in this place divided by the number of levels of this place that you have seen.
                   A       B       C       D       E      F
               +-------+-------+-------+-------+-------+----------------------
         Total | 100.0 | 100.0 |   N/A |   N/A | 100.0 |  63.8
       Dungeon | 100.0 | 100.0 |   N/A |   N/A | 100.0 |  63.8
               +-------+-------+-------+-------+-------+----------------------

Table legend: (Time is in decaauts)
 A = Elapsed time spent in this place.
 B = Non-inter-level travel time spent in this place.
 C = Inter-level travel time spent in this place.
 D = Time resting spent in this place.
 E = Time spent auto-exploring this place.
 F = Levels seen in this place.
 G = Mean time per level.
                   A        B        C        D        E       F      G
               +--------+--------+--------+--------+--------+-----+--------+
         Total |   2659 |   2566 |     93 |    129 |   2144 |   4 |  664.8 |
       Dungeon |   2659 |   2566 |     93 |    129 |   2144 |   4 |  664.8 |
               +--------+--------+--------+--------+--------+-----+--------+

Top non-repeatable levels by time:
     D:1: 892 daAuts
     D:3: 721 daAuts
     D:2: 702 daAuts
     D:4: 342 daAuts
